 Dungeon Crawl Stone Soup version 0.18-b1-14-g029dad2 (webtiles) character file.

924 kaze the Ducker (level 7, 0/87 HPs)
             Began as a Demonspawn Berserker on Apr 30, 2016.
             Was an Elder of Trog.
             Succumbed to an orc wizard's poison
             ... on level 5 of the Dungeon.
             The game lasted 00:11:06 (4189 turns).

kaze the Ducker (Demonspawn Berserker)              Turns: 4189, Time: 00:11:06

Health: 0/87       AC: 12    Str: 24    XL:     7   Next: 84%
Magic:  7/7        EV: 14    Int: 12    God:    Trog [****..]
Gold:   275        SH:  0    Dex: 12    Spells: 0 memorised, 6 levels left

rFire  . . .     SeeInvis .     s - +3 quarterstaff (chaos)
rCold  . . .     Gourm    .     i - +0 robe
rNeg   . . .     Faith    .     (shield currently unavailable)
rPois  .         Spirit   .     D - +2 hat {Int+3}
rElec  .         Dismiss  .     t - +2 cloak
rCorr  .         Reflect  .     q - +2 pair of gloves
SustAt .         Harm     .     (no boots)
MR     .....                    (no amulet)
Stlth  ..........               (no ring)
                                a - ring of flight

@: berserking, lethally poisoned (0 -> -66), very quick, not resistant to
hostile enchantments, extremely unstealthy
A: antennae 2, rugged brown scales 2, powered by pain 1
a: Berserk, Trog's Hand, Brothers in Arms, Burn Spellbooks, Renounce Religion,
Evoke Flight


You were on level 5 of the Dungeon.
You worshipped Trog.
Trog was greatly pleased with you.
You were not hungry.

You visited 1 branch of the dungeon, and saw 5 of its levels.

You collected 275 gold pieces.

Inventory:

Hand Weapons
 s - a +3 quarterstaff of chaos (weapon)
Missiles
 r - 2 poisoned javelins (quivered)
 A - 5 tomahawks
Armour
 b - a +0 animal skin
 i - a +0 robe (worn)
 q - a +2 pair of gloves (worn)
 t - a +2 cloak (worn)
 D - a +2 hat of intelligence (worn)
 H - a +0 buckler
Jewellery
 a - a ring of flight (left hand)
Wands
 w - a wand of lightning (7/15)
 x - a wand of iceblast (8/15)
Scrolls
 e - a scroll of noise {unknown}
 f - a scroll of blinking {unknown}
 g - 6 scrolls of identify
 h - 4 scrolls of remove curse
 l - a scroll of random uselessness {unknown}
 m - a scroll of fog {unknown}
 o - 6 scrolls of teleportation
 y - a scroll of enchant weapon {unknown}
 E - a scroll of enchant armour {unknown}
 J - a scroll of amnesia {unknown}
Potions
 c - a potion of cure mutation {unknown}
 d - 2 potions of heal wounds {unknown}
 j - a potion of might {unknown}
 k - a potion of magic {unknown}
 n - 3 potions of flight {unknown}
 p - 2 potions of lignification {unknown}
 u - 2 potions of curing {unknown}
 C - a potion of agility {unknown}
 F - 2 potions of haste {unknown}
 G - a potion of mutation {unknown}
Comestibles
 v - 3 meat rations
 z - a royal jelly
 B - 2 beef jerkies
 I - 10 chunks of flesh
 K - a bread ration


   Skills:
 + Level 5.1 Fighting
   Level 3.8 Axes
   Level 0.3(3.0) Polearms
 + Level 2.6 Staves
 + Level 2.0 Armour
 + Level 5.5 Dodging
 + Level 2.4 Stealth


You had 6 spell levels left.
You didn't know any spells.

Dungeon Overview and Level Annotations

Branches:
Dungeon (5/15)
 Temple: D:4-7

Altars:
Dithmenos
Fedhas
Gozag
Sif Muna


Innate Abilities, Weirdness & Mutations

You have a pair of antennae on your head.
You are mostly covered in rugged brown scales (AC +2, +5% HP).
You sometimes gain a little power by taking damage.


Message History

You feel yourself speed up.
* * * LOW HITPOINT WARNING * * *
You feel extremely sick.
The orc wizard hits you but does no damage.
You are more poisoned.
The orc misses you. The orc wizard misses you.
You barely miss the orc wizard.
The orc wizard is lightly wounded.
* * * LOW HITPOINT WARNING * * *
You feel very sick. The orc wizard misses you. The orc barely misses you.
You sock the orc wizard!
The orc wizard looks momentarily confused.
The orc wizard is severely wounded.
* * * LOW HITPOINT WARNING * * *
You feel very sick. The orc wizard barely misses you. The orc misses you.
You completely miss the orc wizard.
The orc wizard is severely wounded.
You die...

............###..###.#...........
####...###### #..^...#...........
#...# ##>#####........... #.<.#
#.#......#####...# #...#
#.#.####.# #.... #...#
###......#.# ##### ##...#.##.#.#
#..#...##.#.# #...@o......#
#.._o[....## #...........
......8....## #.#.........#
#.##....._.## # #.......#
.....(###


You could see an orc wizard (berserk) and an orc.

Vanquished Creatures
  Sigmund (D:2)
  An ice beast (D:3)
  An ogre (D:5)
  2 centaurs (D:5)
  A hound (D:5)
  Crazy Yiuf (D:2)
  4 orc wizards
  An orc priest (D:5)
  4 worker ants (D:4)
  3 adders
  4 worms
  2 dart slugs (D:2)
  4 giant geckos
  6 orcs
  4 giant cockroaches
  9 goblins
  10 hobgoblins
  3 quokkas
  11 bats
  2 giant newts
  8 kobolds
  A quokka skeleton (D:4)
  11 rats
94 creatures vanquished.

Notes
Turn   | Place    | Note
--------------------------------------------------------------
     0 | D:1      | kaze the Demonspawn Berserker began the quest for the Orb.
     0 | D:1      | Reached XP level 1. HP: 18/18 MP: 1/1
   146 | D:1      | Gained mutation: You sometimes gain a little power by taking damage. [demonic ancestry]
   146 | D:1      | Reached XP level 2. HP: 16/24 MP: 2/2
   849 | D:1      | Reached ** piety under Trog
   954 | D:2      | Found a shadowy altar of Dithmenos.
  1023 | D:2      | Gained mutation: You are partially covered in rugged brown scales (AC +1, +3% HP). [demonic ancestry]
  1023 | D:2      | Reached XP level 3. HP: 24/29 MP: 3/3
  1076 | D:2      | Found a blossoming altar of Fedhas.
  1172 | D:2      | Noticed Sigmund
  1179 | D:2      | HP: 2/43 [Sigmund/scythe (8)]
  1183 | D:2      | Killed Sigmund
  1183 | D:2      | Gained mutation: You are mostly covered in rugged brown scales (AC +2, +5% HP). [demonic ancestry]
  1183 | D:2      | Reached XP level 4. HP: 3/39 MP: 4/4
  1183 | D:2      | Gained mutation: You have a pair of small antennae on your head. [demonic ancestry]
  1183 | D:2      | Reached XP level 5. HP: 3/45 MP: 5/5
  1697 | D:2      | Noticed Crazy Yiuf
  1707 | D:2      | Killed Crazy Yiuf
  2328 | D:2      | Reached *** piety under Trog
  2496 | D:3      | Gained mutation: You have a pair of antennae on your head. [demonic ancestry]
  2496 | D:3      | Reached XP level 6. HP: 51/51 MP: 6/6
  2760 | D:3      | Noticed an ice beast
  2770 | D:3      | Killed an ice beast
  2770 | D:3      | Reached skill level 1 in Stealth
  3269 | D:3      | Reached skill level 1 in Staves
  3636 | D:4      | Reached XP level 7. HP: 57/57 MP: 7/7
  3874 | D:5      | Entered Level 5 of the Dungeon
  3931 | D:5      | Reached skill level 5 in Dodging
  3999 | D:5      | Reached skill level 5 in Fighting
  4136 | D:5      | Reached **** piety under Trog
  4168 | D:5      | Found an opulent altar of Gozag.
  4172 | D:5      | Found a deep blue altar of Sif Muna.
  4188 | D:5      | HP: 3/87 [poisoned by an orc wizard]
  4189 | D:5      | Succumbed to an orc wizard's poison

Skill      XL: |  1  2  3  4  5  6  7 |
---------------+----------------------+-----
Dodging        | 2 3 4 5 |  5.5
Fighting       | 4 5 |  5.1
Axes           | 3 |  3.8
Armour         | 2 |  2.0
Stealth        | 1 2 |  2.4
Staves         | 1 2 |  2.6
Polearms       | |  0.3

Action                   |  1- 3 |  4- 6 |  7- 9 || total
-------------------------+-------+-------+-------++-------
Melee: Hand axe          |   105 |     2 |       ||   107
       Quarterstaff      |       |   115 |    63 ||   178
       Scythe            |       |    26 |       ||    26
Invok: Berserk           |     1 |     2 |     1 ||     4
  Use: Scroll            |       |     3 |       ||     3
 Stab: Sleeping          |       |     3 |     2 ||     5
       Petrifying        |       |     1 |       ||     1
       Paralysed         |       |       |     3 ||     3
  Eat: Chunk             |     1 |     1 |       ||     2
       Bread ration      |       |     3 |       ||     3
       Beef jerky        |       |     1 |       ||     1
Armor: Animal skin       |     4 |       |       ||     4
       Robe              |    12 |    52 |    32 ||    96
Dodge: Dodged            |    74 |    99 |    62 ||   235
